 Dungeon Crawl Stone Soup version 0.31.0-12-g77e489cdc1 (webtiles) character file.

Game seed: 10518378229511815727

301 Doomgape the Trooper (level 6, -3/62 HPs)
             Began as a Troll Fighter on Feb 21, 2024.
             Killed from afar by an orc wizard (5 damage)
             ... with a magic dart
             ... on level 4 of the Dungeon.
             The game lasted 00:08:11 (2700 turns).

Doomgape the Trooper (Troll Fighter)                Turns: 2700, Time: 00:08:12

Health: -3/62      AC:  4    Str: 25 (27) XL:     6   Next: 14%
Magic:  5/5        EV:  8    Int:  1 (4)  God:
Gold:   178        SH:  7    Dex:  6 (9)  Spells: 5/5 levels left

rFire   + . .        a - +1 flail
rCold   + . .        c - +0 kite shield
rNeg    . . .        b - +0 robe
rPois   +            (helmet restricted)
rElec   +            (no cloak)
rCorr   +            (gloves unavailable)
SInv    .            (boots unavailable)
Will    .....        (no amulet)
Stlth   +            j - ring of poison resistance
HPRegen 1.10/turn    (no ring)
MPRegen 0.09/turn

%: no passive effects
@: resistant
A: large, unfitting armour, claws 3, regeneration 1, shaggy fur 1, tough skin 1
a: no special abilities


You were on level 4 of the Dungeon.
You visited 1 branch of the dungeon, and saw 4 of its levels.

You collected 178 gold pieces.

Inventory:

Hand Weapons
 a - a +1 flail (weapon)
 n - a +0 club
Missiles
 g - 4 javelins (quivered)
 m - a throwing net
Armour
 b - a +0 robe (worn)
 c - a +0 kite shield (worn)
Jewellery
 e - a ring of ice
 j - a ring of poison resistance (left claw)
 p - a ring of protection from cold
Wands
 q - a wand of roots (14)
Scrolls
 f - a scroll of amnesia
 h - 3 scrolls of identify
 l - a scroll of vulnerability {unknown}
Potions
 d - 2 potions of might
 i - a potion of degeneration


   Skills:
 + Level 3.7 Fighting
 + Level 3.6 Maces & Flails
 + Level 3.7 Dodging
 - Level 3.0 Shields


You had 5 spell levels left.
You didn't know any spells.
Your spell library contained the following spells:

 Spells                   Type           Power      Damage    Failure   Level
 Mercury Vapours          Alch/Air       0%         N/A       92%         2
 Dazzling Flash           Conj/Hex       0%         N/A       99%         3
 Mephitic Cloud           Conj/Alch/Air  0%         N/A       99%         3
 Curse of Agony           Necr           0%         N/A       100%        5
 Freezing Cloud           Conj/Ice/Air   0%         6-21      100%        5
 Silence                  Hex/Air        0%         N/A       100%        5


Dungeon Overview and Level Annotations

Branches:
Dungeon (4/15)
 Temple: D:4-7

Altars:


Innate Abilities, Weirdness & Mutations

You are too large for most types of armour.
You have claws for hands.
Your natural rate of healing is unusually fast.
You are covered in fur. (AC +1)
You have tough skin. (AC +1)


Message History

Something hits you but does no damage.
You closely miss something.
The orc hits you from afar with a +0 trident!
* * * LOW HITPOINT WARNING * * *
Something hits you.
* * * LOW HITPOINT WARNING * * *
You bump into the rock wall.
The orc hits you but does no damage. Something hits you but does no damage.
Unknown command.
It was a potion of degeneration.
There was something very wrong with that liquid.
You feel weakened.
You feel dopey.
You feel clumsy.
The orc throws a boomerang.
Something hits you.
* * * LOW HITPOINT WARNING * * *
Okay, then.
It was a potion of resistance.
You feel protected.
You feel less confused.
The orc throws a boomerang.
You block the boomerang. Something hits you.
* * * LOW HITPOINT WARNING * * *
Unknown command.
Okay, then.
Okay, then.
You miss something.
The orc throws a boomerang.
The boomerang barely misses you. Something hits you.
* * * LOW HITPOINT WARNING * * *
You barely miss something. The orc hits you but does no damage.
Something hits you but does no damage. Something hits you.
* * * LOW HITPOINT WARNING * * *
The orc throws a boomerang.
The boomerang hits you.
* * * LOW HITPOINT WARNING * * *
Unknown command.
You closely miss something.
The orc throws a boomerang.
The boomerang barely misses you. Something hits you.
* * * LOW HITPOINT WARNING * * *
You barely miss something.
The orc throws a boomerang.
The boomerang hits you.
* * * LOW HITPOINT WARNING * * *
You hear some strange, mumbled words.
A magic dart appears from out of thin air!
The magic dart hits you.
You die...

####################o###
........(.......@{ooo...
####################.###
.. ###.# .##.# .##.#
.##.# .##.# ....#######


You could see 4 orcs.

Vanquished Creatures
  Crazy Yiuf (D:2)
  A hound (D:4)
  Jessica (D:3)
  Natasha (thrice) (D:2)
  3 adders
  3 gnolls (D:3)
  4 dart slugs
  A ribbon worm (D:4)
  An orc (D:4)
  8 ball pythons
  6 bats
  7 endoplasms
  3 giant cockroaches
  5 goblins
  8 hobgoblins
  2 jackals (D:3)
  3 frilled lizards (D:2)
  15 kobolds
  6 rats
81 creatures vanquished.

Notes
Turn   | Place    | Note
-------+----------+-------------------------------------------
     0 | D:1      | Doomgape the Troll Fighter began the quest for the Orb.
     0 | D:1      | Reached XP level 1. HP: 22/22 MP: 0/0
    65 | D:1      | Reached XP level 2. HP: 19/29 MP: 1/1
   692 | D:1      | Reached XP level 3. HP: 34/36 MP: 2/2
  1107 | D:2      | Noticed Natasha
  1113 | D:2      | Killed Natasha
  1114 | D:2      | Reached XP level 4. HP: 45/45 MP: 3/3
  1154 | D:2      | Noticed Natasha
  1161 | D:2      | Killed Natasha
  1229 | D:2      | Found a runed translucent door.
  1230 | D:2      | Noticed Crazy Yiuf
  1239 | D:2      | Killed Crazy Yiuf
  1240 | D:2      | Reached XP level 5. HP: 10/53 MP: 4/4
  1344 | D:2      | Noticed Natasha
  1355 | D:2      | Killed Natasha
  1999 | D:3      | Noticed Jessica
  2003 | D:3      | Killed Jessica
  2375 | D:4      | Reached XP level 6. HP: 61/62 MP: 5/5
  2698 | D:4      | HP: 2/62 [orc/boomerang (6)]
  2700 | D:4      | Killed from afar by an orc wizard

Illustrated notes

Levels and vault maps discovered:
D:1:      dpeg_arrival_boxorama, layout_basic, corner_web_ring
D:2:      layout_rooms, supply_closet_lemuel, minmay_goblin_kobold_house,
          uniq_crazy_yiuf_cottage, uniq_natasha
D:3:      layout_basic, skrybe_limestone_x, uniq_jessica
D:4:      layout_basic, lemuel_coloured_pillars_altar, minmay_temple_entry_mist,
          minmay_between

Skill      XL: |  1  2  3  4 |
---------------+-------------+-----
Maces & Flails | 2 3 |  3.6
Shields        | 3 |  3.0
Fighting       | 3 |  3.7
Dodging        | 3 |  3.7

Action                     |  1- 3 |  4- 6 || total
---------------------------+-------+-------++-------
  Melee: Flail             |   108 |   109 ||   217
    Use: Scroll            |     2 |     3 ||     5
         Potion            |       |     2 ||     2
 Armour: Robe              |    80 |    88 ||   168
  Dodge: Dodged            |    45 |    48 ||    93
  Block: Kite shield       |    65 |    45 ||   110
